 Dungeon Crawl Stone Soup version 0.29-a0-453-gf113fcf677 (webtiles) character file.

Game seed: 5732590982251403291

98661 Kenran the Warrior (level 15, -4/157 HPs)
             Began as a Vampire Berserker on May 20, 2022.
             Was a High Priest of Trog.
             Killed by the raging water
             ... invoked by a water nymph
              (35 damage)
             ... on level 15 of the Dungeon.
             The game lasted 00:50:46 (23259 turns).

Kenran the Warrior (Vampire Berserker)             Turns: 23259, Time: 00:50:46

Health: -4/157     AC: 28    Str: 22    XL:     15   Next: 75%
Magic:  15/15      EV: 10    Int: 11    God:    Trog [*****.]
Gold:   1281       SH:  7    Dex: 14    Spells: 14/14 levels left

rFire   + . .      SeeInvis +   a - +7 Throatcutter {drain, coup de grace}
rCold   + . .      Faith    .   q - +2 buckler {rF+}
rNeg    . . .      Spirit   .   R - +4 plate armour {rPois}
rPois   +          Reflect  .   j - +1 helmet
rElec   .          Harm     .   C - +0 cloak
rCorr   +          Rampage  .   e - +0 pair of gloves
Will    ++...                   J - +2 pair of boots "Baxkomm" {Regen+ rCorr}
Stlth   ..........              I - amulet of the acrobat
HPRegen 1.36/turn               w - ring of willpower
MPRegen 0.14/turn               K - ring of protection from cold

@: flying, healing quickly
A: alive, fangs 3, see invisible, vampiric 2, hooves 1, robust 2
a: Exsanguinate, Renounce Religion, Berserk, Trog's Hand, Brothers in Arms


You were on level 15 of the Dungeon.
You worshipped Trog.
Trog was extremely pleased with you.
You visited 2 branches of the dungeon, and saw 21 of its levels.
You also visited: Sewer and Ice Cave.

You collected 1751 gold pieces.
You spent 470 gold pieces at shops.

Inventory:

Hand Weapons
 a - the +7 Throatcutter (weapon) {drain, coup de grace}
   (You took it off Terence on level 3 of the Dungeon)

   A truly terrible weapon, it drains the life of any living foe it strikes.
   It may instantly kill foes which have little health.
 b - a +1 demon blade of flaming
Missiles
 p - 6 throwing nets (quivered)
Armour
 e - a +0 pair of gloves (worn)
 j - a +1 helmet (worn)
 q - a +2 buckler of fire resistance (worn)
 C - a +0 cloak (worn)
 J - the +2 pair of boots "Baxkomm" (worn) {Regen+ rCorr}
   (You found it on level 6 of the Lair of Beasts)

   Regen:     It increases your rate of health regeneration.
   rCorr:     It protects you from acid and corrosion.
 L - a +0 kite shield
 R - a +4 plate armour of poison resistance (worn)
Jewellery
 w - a ring of willpower (left hand)
 I - an amulet of the acrobat (around neck)
 K - a ring of protection from cold (right hand)
 S - the ring of Plog {Fire rElec rPois}
   (You found it on level 4 of the Lair of Beasts)

   [ring of fire]

   It enhances your fire magic.
   rF:        It protects you from fire.
   rC:        It makes you vulnerable to cold.
   rElec:     It insulates you from electricity.
   rPois:     It protects you from poison.
Wands
 t - a wand of iceblast (33)
 x - a wand of flame (20)
 y - a wand of digging (13)
 A - a wand of polymorph (5)
 F - a wand of acid (11)
 Q - a wand of mindburst (19)
Scrolls
 c - 5 scrolls of magic mapping
 f - 5 scrolls of immolation {!r}
 g - 4 scrolls of teleportation
 h - 6 scrolls of poison {!r}
 r - 4 scrolls of fear
 u - a scroll of fog
 z - 3 scrolls of blinking
 B - 6 scrolls of vulnerability {!r}
 H - 5 scrolls of enchant armour
 N - 2 scrolls of enchant weapon
 O - 3 scrolls of identify {@r1}
 P - a scroll of silence
Potions
 d - 2 potions of magic
 i - 15 potions of curing {@q1}
 m - a potion of might
 n - 5 potions of lignification {!q}
 o - 6 potions of heal wounds {@q2}
 s - 6 potions of flight
 v - a potion of cancellation
 D - 5 potions of haste
 E - a potion of berserk rage {!q}
 G - a potion of resistance
 T - a potion of attraction {!q}
Miscellaneous
 k - a box of beasts
 M - a condenser vane


   Skills:
 + Level 16.1 Fighting
 - Level 14.0 Long Blades
 + Level 12.1 Armour
 - Level 8.0 Dodging
 - Level 5.0 Shields
 - Level 8.0 Evocations


You had 14 spell levels left.
You didn't know any spells.
Your spell library was empty.

Dungeon Overview and Level Annotations

Branches:
Dungeon (15/15)            Temple (0/1) D:7            Lair (6/6) D:11
 Shoals (0/4) Lair:2       Spider (0/4) Lair:4        Slime (0/5) Lair:6
    Orc (0/2) D:11         Vaults (0/5) D:13         Depths (0/4) D:15
  Sewer (visited)           IceCv (visited)

Altars:
Ashenzari
Cheibriados
Fedhas
Gozag
Makhleb
Nemelex Xobeh
Okawaru
Ru
Trog
Uskayaw
Vehumet
Wu Jian
Zin
Jiyva

Shops:
D:3 *   D:9 [   D:13 [

Annotations:
D:8 2 transporters, Majang's ghost, novice TeGl


Innate Abilities, Weirdness & Mutations

Your natural rate of healing is accelerated.
You have razor-sharp teeth.
You have supernaturally acute eyesight. (SInv)
You are afflicted with vampirism and can become a bat while bloodless.
You have large cloven feet.
You are very robust. (+20% HP)


Message History

The water nymph shouts!
You slash the water elemental!
The water elemental is heavily damaged.
Your lungs strain for air!
The water nymph casts a spell at you. The water rises up and strikes you!!
You slash the water elemental!
The water elemental is severely damaged.
Your lungs strain for air!
The water elemental barely misses you.
You hit the water elemental.
The water elemental is severely damaged.
Your lungs strain for air!
The water elemental hits you.
You slash the water elemental!
The water elemental is almost destroyed.
Your lungs strain for air!
The water elemental hits you.
You are too injured to fight recklessly!
You cannot call out to Trog while unable to breathe.
You hit the water elemental.
You destroy the water elemental!
Trog accepts your kill.
You gasp with relief as air once again reaches your lungs.
The water nymph points at you and mumbles some strange words.
The water rises up and strikes you!! The water nymph casts a spell at you.
The water rises up and strikes you!!
* * * LOW HITPOINT WARNING * * *
You slash the water nymph! You drain the water nymph.
The water nymph is heavily wounded.
The water nymph touches you.
* * * LOW HITPOINT WARNING * * *
The water nymph drowns you!
* * * LOW HITPOINT WARNING * * *
You feel much better. The water nymph touches you. The water nymph drowns you!
* * * LOW HITPOINT WARNING * * *
The water nymph points at you and mumbles some strange words.
The water rises up and strikes you!!
You die...

*,**,,,,,≈≈≈≈≈,,,,,,,,,,######
*,**,,,.≈≈≈≈≈≈≈≈≈..#*,,,* #
*,**,,,≈≈≈≈≈≈≈≈≈≈..#*,,,######
*,,,,,,≈≈≈≈.≈≈≈≈≈..#*..)#.....
****,,,,≈≈...≈m≈≈..#*...#.####
*,,,,≈,,.≈≈≈≈..##*,..#.#
*,,..,,,#≈≈≈≈...,,,..#.#
*,,*.,,*#≈≈m≈#****,#.#.#
*,,,,.,*#≈@#** *,#.#.#
**,**#.##≈## *,#.#.#### *,*
#.#...#######.#..<.... *,*
#.....††......###.#### *,*
###...###########..... *,*
##.## #.......... *,*
#.#######)####.##..
*,*****#......[..# #.....
*...........####.# #.#...


You could see 2 water nymphs.

Vanquished Creatures
  Rupert (Lair:3)
  Kirke (D:14)
  Roxanne (D:14)
  2 very ugly things
  A dire elephant (Lair:6)
  An ettin (D:15)
  A fire dragon (Lair:6)
  A caustic shrike simulacrum (IceCv)
  4 vault guards (D:13)
  7 hydras
  A merfolk aquamancer (D:15)
  A catoblepas (D:13)
  Erica (D:8)
  A death knight (D:13)
  6 two-headed ogres
  3 boulder beetles
  2 centaur warriors (D:14)
  8 death yaks
  A tengu warrior (D:13)
  A hell knight (D:15)
  3 skeletal warriors (D:13)
  2 deep trolls (D:15)
  A swamp dragon (Lair:6)
  A bog body (IceCv)
  3 deep elf pyromancers
  2 wizards (D:15)
  2 spriggan simulacra (IceCv)
  A lindwurm (Lair:6)
  5 cyclopes
  7 manticores
  20 ugly things
  2 oklob plants (D:11)
  Joseph (D:7)
  9 black mambas
  2 water nymphs (D:15)
  2 elephants (Lair:6)
  18 cane toads
  A gargoyle (D:13)
  2 torpor snails
  Maggie (Lair:1)
  2 yaktaurs (D:15)
  An ice devil (IceCv)
  An efreet (D:14)
  An unseen horror (D:13)
  10 freezing wraiths
  4 anaconda simulacra (IceCv)
  5 rime drakes (Lair:6)
  2 entropy weaver simulacra (IceCv)
  A kobold demonologist (D:12)
  17 komodo dragons
  3 tengu conjurers
  A hornet (D:10)
  A queen bee (shapeshifter) (D:14)
  A meliai (shapeshifter) (D:14)
  Prince Ribbit (D:8)
  2 trolls
  4 polar bears
  Grinder (D:6)
  A hornet (shapeshifter) (D:14)
  6 slime creatures
  6 blink frogs
  2 dream sheep (Lair:6)
  Sigmund (D:6)
  3 culicivoras (Lair:4)
  2 wraiths
  3 shadows
  A water elemental (D:15)
  2 vampires (D:12)
  A hog (D:14)
  2 basilisks
  A dire elephant simulacrum (IceCv)
  4 wyverns
  33 yaks
  3 steam dragons
  Menkaure (D:4)
  A warg (D:8)
  12 vampire mosquitoes
  2 harpy simulacra (IceCv)
  5 acid dragons
  15 water moccasins
  3 hydra simulacra (IceCv)
  3 black bears
  4 orc warriors
  A swamp drake (Lair:6)
  A sky beast (shapeshifter) (D:14)
  An ice beast (D:5)
  2 ettin simulacra (IceCv)
  5 ogres
  21 wolves
  9 centaurs
  7 kobold brigands
  A phantom (D:5)
  11 bullfrogs
  8 gnoll sergeants
  6 scorpions
  A deep troll simulacrum (IceCv)
  3 wights (D:9)
  4 lindwurm simulacra (IceCv)
  6 howler monkeys
  An electric eel (D:15)
  4 hounds
  4 jellies
  2 iguanas (Lair:6)
  Terence (D:3)
  3 orc wizards
  23 gnolls
  2 river rats
  11 adders
  A white imp (D:7)
  3 ufetubi
  2 worms
  5 dart slugs
  17 orcs
  5 bats
  17 endoplasms
  8 giant cockroaches
  15 hobgoblins
  4 jackals (D:3)
  4 quokkas
  11 ball pythons
  6 frilled lizards
  9 goblins
  39 kobolds
  11 rats
600 creatures vanquished.

Vanquished Creatures (collateral kills)
  A very ugly thing (IceCv)
  A bog body (IceCv)
  A necromancer (IceCv)
  4 freezing wraiths (IceCv)
  A rime drake (Lair:6)
8 creatures vanquished.

Vanquished Creatures (others)
  3 humans (D:14)
  21 fungi
  33 plants
  7 toadstools (D:3)
64 creatures vanquished.

Grand Total: 672 creatures vanquished

Notes
Turn   | Place    | Note
-------+----------+-------------------------------------------
     0 | D:1      | Kenran the Vampire Berserker began the quest for the Orb.
     0 | D:1      | Reached XP level 1. HP: 17/17 MP: 1/1
   213 | D:1      | Reached XP level 2. HP: 17/23 MP: 2/2
   510 | D:1      | Found a faded altar of an unknown god.
   733 | D:1      | Reached ** piety under Trog
   735 | D:1      | Reached skill level 3 in Fighting
   822 | D:1      | Gained mutation: You are afflicted with vampirism and can
                  | become a bat while bloodless. [Vampire growth]
   822 | D:1      | Reached XP level 3. HP: 26/29 MP: 3/3
  1206 | D:2      | Gained mutation: You are robust. (+10% HP) [potion of
                  | mutation]
  1206 | D:2      | Gained mutation: You have large cloven feet. [potion of
                  | mutation]
  1206 | D:2      | Gained mutation: You are very robust. (+20% HP) [potion of
                  | mutation]
  1316 | D:1      | Reached XP level 4. HP: 30/42 MP: 4/4
  1356 | D:2      | Reached skill level 5 in Long Blades
  1545 | D:2      | Reached XP level 5. HP: 49/49 MP: 5/5
  2307 | D:3      | Noticed a water moccasin
  2331 | D:3      | Killed a water moccasin
  2332 | D:3      | Reached skill level 4 in Fighting
  2332 | D:3      | Reached XP level 6. HP: 33/57 MP: 6/6
  2543 | D:3      | Noticed Terence
  2552 | D:3      | Killed Terence
  2634 | D:3      | Found Liekhlaf's General Store.
  3224 | D:3      | Reached *** piety under Trog
  3384 | D:4      | Noticed Menkaure
  3462 | D:4      | Killed Menkaure
  3463 | D:4      | Reached XP level 7. HP: 64/64 MP: 7/7
  3697 | D:4      | Found a sparkling altar of Nemelex Xobeh.
  4269 | D:4      | Found an iron altar of Okawaru.
  4339 | D:5      | Entered Level 5 of the Dungeon
  4355 | D:5      | Found a glowing drain.
  4373 | Sewer    | Entered a sewer
  4383 | Sewer    | Reached **** piety under Trog
  4470 | Sewer    | Reached skill level 1 in Shields
  4627 | D:5      | Reached XP level 8. HP: 68/73 MP: 8/8
  5208 | D:6      | Noticed Grinder
  5208 | D:6      | Paralysed by Grinder for 4 turns
  5221 | D:6      | Reached skill level 5 in Fighting
  5223 | D:6      | Found a hide-covered altar of Uskayaw.
  5227 | D:6      | Killed Grinder
  5396 | D:6      | Found a burning altar of Makhleb.
  5465 | D:6      | Noticed Sigmund
  5473 | D:6      | Killed Sigmund
  5474 | D:6      | Reached XP level 9. HP: 81/81 MP: 9/9
  5882 | D:7      | Found a staircase to the Ecumenical Temple.
  5909 | D:7      | Found a snail-covered altar of Cheibriados.
  5938 | D:7      | Found a sacrificial altar of Ru.
  5940 | D:7      | Noticed Joseph
  5953 | D:7      | Killed Joseph
  5954 | D:7      | Reached skill level 6 in Fighting
  5954 | D:7      | Reached skill level 10 in Long Blades
  6279 | D:7      | Found an ornate altar of the Wu Jian Council.
  6393 | D:7      | Found a radiant altar of Vehumet.
  7009 | D:8      | Noticed a boulder beetle
  7017 | D:8      | Killed a boulder beetle
  7018 | D:8      | Reached skill level 7 in Fighting
  7018 | D:8      | Reached skill level 5 in Armour
  7018 | D:8      | Noticed Maurice
  7021 | D:8      | Noticed Maurice
  7021 | D:8      | Maurice changed into Maurice the warg
  7029 | D:8      | Killed Maurice the warg
  7221 | D:8      | Found a transporter.
  7248 | D:8      | Noticed a deep elf pyromancer
  7272 | D:8      | Noticed Majang's ghost (novice TeGl)
  7289 | D:8      | Noticed Prince Ribbit
  7293 | D:8      | Killed Prince Ribbit
  7294 | D:8      | Reached XP level 10. HP: 94/94 MP: 10/10
  7332 | D:8      | Noticed Erica
  7339 | D:8      | Killed Erica
  7349 | D:8      | Found a transporter.
  7747 | D:9      | Found Kough's Antique Armour Shop.
  7992 | D:9      | Found a blossoming altar of Fedhas.
  8027 | D:9      | Noticed a two-headed ogre
  8043 | D:9      | Killed a two-headed ogre
  8044 | D:9      | Reached skill level 8 in Fighting
  8175 | D:9      | Reached skill level 1 in Evocations
  8273 | D:9      | You fall into a shaft and drop 1 floor!
  8273 | D:10     | Entered Level 10 of the Dungeon
  8302 | D:10     | Reached ***** piety under Trog
  8845 | D:9      | Found an opulent altar of Gozag.
  9028 | D:10     | Noticed a two-headed ogre
  9034 | D:10     | Killed a two-headed ogre
  9035 | D:10     | Reached XP level 11. HP: 103/103 MP: 11/11
  9325 | D:10     | Found a broken altar of Ashenzari.
  9699 | D:11     | Noticed a two-headed ogre
  9705 | D:11     | Killed a two-headed ogre
  9847 | D:11     | Noticed an oklob plant
  9871 | D:11     | Reached skill level 9 in Fighting
 10072 | D:11     | Noticed an oklob plant
 10194 | D:11     | Found a staircase to the Orcish Mines.
 10618 | D:11     | Found a staircase to the Lair.
 10720 | D:12     | Noticed a two-headed ogre
 10727 | D:12     | Killed a two-headed ogre
 11453 | D:12     | Noticed a green ugly thing
 11454 | D:12     | Noticed a deep elf pyromancer
 11468 | D:12     | Killed a green ugly thing
 11488 | D:12     | Killed a deep elf pyromancer
 11548 | D:12     | Reached XP level 12. HP: 82/116 MP: 12/12
 11553 | D:12     | Reached skill level 10 in Fighting
 11849 | D:12     | Found a bloodstained altar of Trog.
 12218 | Lair:1   | Entered Level 1 of the Lair of Beasts
 12342 | Lair:1   | Noticed Maggie
 12358 | Lair:1   | Killed Maggie
 13271 | Lair:2   | Reached skill level 11 in Fighting
 13559 | Lair:2   | Reached skill level 12 in Fighting
 13827 | Lair:2   | Found a staircase to the Shoals.
 14803 | Lair:3   | Reached skill level 5 in Shields
 14803 | Lair:3   | Noticed a boulder beetle
 14829 | Lair:3   | Killed a boulder beetle
 14857 | Lair:3   | Noticed a five-headed hydra
 14865 | Lair:3   | Killed a one-headed hydra
 14941 | Lair:3   | Noticed Rupert
 14953 | Lair:3   | Killed Rupert
 14954 | Lair:3   | Reached XP level 13. HP: 112/129 MP: 13/13
 15870 | Lair:4   | Identified the ring of Plog {Fire rElec rPois}
 15992 | Lair:4   | Found a hole to the Spider Nest.
 16078 | Lair:4   | Reached skill level 5 in Evocations
 16102 | Lair:4   | Received a gift from Trog
 16669 | Lair:5   | Reached skill level 10 in Armour
 17609 | Lair:6   | Entered Level 6 of the Lair of Beasts
 17660 | Lair:6   | Reached skill level 13 in Fighting
 18005 | Lair:6   | Noticed a dire elephant
 18023 | Lair:6   | Killed a dire elephant
 18543 | Lair:6   | Reached skill level 14 in Fighting
 18543 | Lair:6   | Reached XP level 14. HP: 138/144 MP: 14/14
 18785 | Lair:6   | Received a gift from Trog
 19072 | Lair:6   | Identified the +2 pair of boots "Baxkomm" {Regen+ rCorr}
 19292 | Lair:6   | Found a viscous altar of Jiyva.
 19293 | Lair:6   | Found a staircase to the Slime Pits.
 19487 | Lair:6   | Identified the +3 bardiche of the Gloaming {flame, Dex+4}
 20229 | D:13     | Found a gate to the Vaults.
 20482 | D:13     | Found Jiheats's Armour Boutique.
 20683 | D:13     | Reached skill level 15 in Fighting
 20854 | D:13     | Bought a +4 plate armour of poison resistance for 470 gold
                  | pieces
 20900 | D:14     | Identified Roxanne's Incunabulum of
                  | Disestablishmentarianism
 20900 | D:14     | Noticed Roxanne
 20931 | D:14     | Identified the ring "Sizexes" {Fly rF+ Will- Int+2}
 20940 | D:14     | Noticed Kirke
 20967 | D:14     | Killed Kirke
 21217 | D:14     | Reached XP level 15. HP: 154/154 MP: 15/15
 21312 | D:14     | Reached skill level 5 in Dodging
 21686 | D:14     | Killed Roxanne
 21720 | D:15     | Entered Level 15 of the Dungeon
 21900 | D:15     | Found a frozen archway.
 21942 | IceCv    | Entered an ice cave
 22213 | IceCv    | Received a gift from Trog
 22583 | IceCv    | Found an ancient bone altar of Kikubaaqudgha.
 23077 | D:15     | Reached skill level 16 in Fighting
 23157 | D:15     | Found a staircase to the Depths.
 23259 | D:15     | Killed from afar by a water nymph

Illustrated notes

Levels and vault maps discovered:
D:1:      dpeg_arrival_three_smaller_balls, layout_loops_corners,
          shapermc_ecumenical_altar_petra
D:2:      layout_loops_ring, minmay_misc_feat_alley
D:3:      cheibrodos_fertilizer, layout_loops_corners, serial_shops, shop,
          uniq_terence
D:4:      layout_basic, nemelex_spade_bored_becter, okawaru_altar_gauntlet_db,
          zin_academy, uniq_menkaure
D:5:      layout_basic, cheibrodos_sewer_entry_sluice, lexackson_kobold_supper
D:6:      layout_loops_ring, overflow_temple_1_default,
          eat_drink_and_be_merry_uskayaw, uniq_grinder, uniq_sigmund
D:7:      layout_basic, kennysheep_mini, lemuel_tele_altar, lemuel_doored_altar,
          nicolae_ru_great_annihilating_truth, minmay_temple_entry_ruins,
          corexii_item_surrounded_by_moat, uniq_joseph
D:8:      layout_gridville, nzn_ghost_randoct, uniq_prince_ribbit1, uniq_erica,
          uniq_maurice
D:9:      layout_basic, nicolae_overflow_hidden_temple,
          overflow_temple_1_default, serial_shops, nicolae_take_the_stairs
D:10:     layout_basic, lemuel_round_altar
D:11:     layout_small_grid, dpeg_oklobed_lair,
          kennysheep_orc_monster_closet_entryway, kennysheep_potato
D:12:     layout_basic, trog_ov_bears_minmay
D:13:     layout_long_grid, lightli_vaults_fourway_checkpoint, serial_shops,
          nicolae_shop_advertising_works [nicolae_subvault_shop_adworks]
D:14:     layout_rooms, infiniplex_staircase_zigzag_1, uniq_kirke, uniq_roxanne
D:15:     hangedman_depths_entry_civil_slaughter, layout_loops_ring,
          nicolae_hepliaklqana_hippocampus, portal_ice_cave_entry_ugly_swarm,
          nicolae_splish_splash
Lair:1:   layout_misc_corridors, grunt_megastairs_3, lemuel_fruit_fields,
          lemuel_fruit_tree, serial_bayou_shore_b, serial_bayou_shore_b,
          serial_bayou_shore_a, uniq_maggie
Lair:2:   layout_chaotic_city, minmay_shoals_entry_centaurs, grunt_megastairs_5
Lair:3:   layout_long_grid, nzn_sisyphean_effort, uniq_rupert
Lair:4:   layout_gridlike, hellmonk_spider_entry_life_and_decay
Lair:5:   layout_cave_pods, grunt_forest_small_clearing_treed
Lair:6:   guppyfry_lair_end_dragon, layout_long_grid, hangedman_lair_in_review,
          slime_altar_1

Skill      XL: |  1  2  3  4  5  6  7  8  9 10 11 12 13 14 15 |
---------------+----------------------------------------------+-----
Long Blades    | 4 5 6 7 8 9 10 12 13 14 | 14.0
Fighting       | 3 4 5 7 8 9 12 14 15 16 | 16.1
Armour         | 2 4 5 6 8 10 12 | 12.1
Shields        | 1 3 5 |  5.0
Evocations     | 3 4 5 7 8 |  8.0
Dodging        | 4 8 |  8.0

Action                   |  1- 3 |  4- 6 |  7- 9 | 10-12 | 13-15 || total
-------------------------+-------+-------+-------+-------+-------++-------
Melee: Falchion          |    98 |    75 |       |       |       ||   173
       Bite              |     6 |    10 |     9 |    78 |   162 ||   265
       Kick              |     2 |    39 |    41 |    39 |       ||   121
       Punch             |     1 |     1 |       |       |       ||     2
       Dagger            |       |    22 |       |       |       ||    22
       Long sword        |       |    74 |   200 |   565 |   915 ||  1754
       Scimitar          |       |       |       |       |   125 ||   125
Invok: Berserk           |     1 |     4 |       |    11 |    14 ||    30
       Trog's Hand       |       |       |     1 |     1 |     8 ||    10
       Brothers in Arms  |       |       |       |     2 |     3 ||     5
Evoke: Wand              |       |       |     1 |       |     3 ||     4
       Condenser vane    |       |       |       |       |     2 ||     2
  Use: Scroll            |     3 |     4 |     4 |     5 |     9 ||    25
       Potion            |     3 |       |       |       |     2 ||     5
 Stab: Paralysed         |       |       |     1 |       |       ||     1
       Distracted        |       |       |       |       |     2 ||     2
Armor: Animal skin       |     4 |       |       |       |       ||     4
       Leather armour    |    12 |       |       |       |       ||    12
       Scale mail        |       |    64 |    84 |   216 |   147 ||   511
       Plate armour      |       |       |       |       |   305 ||   305
Dodge: Dodged            |    71 |    96 |    63 |   231 |   372 ||   833
Block: Buckler           |       |     2 |    42 |   188 |   289 ||   521

Table legend: (Time is in decaauts)
 A = Elapsed time spent in this place.
 B = Non-inter-level travel time spent in this place.
 C = Inter-level travel time spent in this place.
 D = Time resting spent in this place.
 E = Time spent auto-exploring this place.
 F = Levels seen in this place.
 G = Mean time per level.
                   A        B        C        D        E       F      G
               +--------+--------+--------+--------+--------+-----+--------+
         Total |  23252 |  22144 |   1108 |   4537 |  13077 |  23 | 1011.0 |
       Dungeon |  14548 |  13751 |    797 |   2168 |   8682 |  15 |  969.9 |
          Lair |   7557 |   7247 |    310 |   1959 |   4137 |   6 | 1259.5 |
         Sewer |    209 |    209 |      0 |     22 |    111 |   1 |  209.0 |
      Ice Cave |    936 |    936 |      0 |    387 |    146 |   1 |  936.0 |
               +--------+--------+--------+--------+--------+-----+--------+

Top non-repeatable levels by time:
  Lair:6: 2234 daAuts
    D:11: 1423 daAuts
    D:12: 1339 daAuts
     D:3: 1305 daAuts
     D:1: 1242 daAuts
     D:7: 1147 daAuts
  Lair:1: 1146 daAuts
     D:9: 1130 daAuts
  Lair:2: 1130 daAuts
  Lair:5: 1035 daAuts
  Lair:3: 1009 daAuts
  Lair:4: 1001 daAuts
   IceCv: 936 daAuts
     D:2: 933 daAuts
     D:4: 903 daAuts
